 Dungeon Sprint DCSS version 0.23-a0-391-g8c51ad5 (webtiles) character file.

308 emperorscorpion the Covert (level 6, -1/31 HPs)
             Began as a Vine Stalker Enchanter on Oct 30, 2018.
             Was a High Priest of Uskayaw.
             Slain by a wight
             ... wielding a +3 morningstar
              (6 damage)
             ... in the Dungeon (Sprint IX: "|||||||||||||||||||||||||||||").
             The game lasted 00:01:14 (167 turns).

emperorscorpion the Covert (Vine Stalker Enchanter)  Turns: 167, Time: 00:01:14

Health: -1/31      AC:  8    Str: 15    XL:     6   Next: 40%
Magic:  0/13       EV: 14    Int: 15    God:    Uskayaw [*****.]
Gold:   0          SH:  0    Dex: 15    Spells: 13/14 levels left

rFire    . . .     SeeInvis .   a - +2 rapier (venom)
rCold    . . .     Gourm    .   (no shield)
rNeg     . . .     Faith    .   t - +2 ring mail
rPois    .         Spirit   +   (no helmet)
rElec    .         Reflect  .   (no cloak)
rCorr    .         Harm     .   (no gloves)
MR       .....     NoTele   +   s - +0 pair of boots
Stlth    +++.......             (no amulet)
HPRegen  0.50/turn              u - +2 ring of evasion
MPRegen  0.13/turn              v - +3 ring of strength

@: no status effects
A: fangs 2, regeneration 1, magic shield, antimagic bite, no potion heal 3, rot
immunity
a: Stomp, Line Pass, Grand Finale, Renounce Religion


You were in the Dungeon.
You worshipped Uskayaw.
Uskayaw was noncommittal.
You were not hungry.

You visited 1 branch

Inventory:

Hand Weapons
 a - a +2 rapier of venom (weapon)
 p - a +1 dagger
 q - a +2 scimitar of holy wrath
 r - the +6 Majin-Bo {vamp, Archmagi MP+6 Int+6}
   (You found it in the Dungeon)

   It inflicts no extra harm, but heals its wielder when it wounds a living foe.
   It affects your intelligence (+6).
   It affects your magic capacity (+6).
Armour
 b - a +0 robe
 s - a +0 pair of boots (worn)
 t - a +2 ring mail (worn)
Magical Staves
 o - an uncursed staff of energy
Jewellery
 u - a +2 ring of evasion (left hand)
 v - a +3 ring of strength (right hand)
Wands
 n - a wand of acid (10)
Scrolls
 j - 2 scrolls of blinking
 l - 3 scrolls of remove curse
 m - 2 scrolls of amnesia
Potions
 e - 5 potions of curing
 f - 3 potions of heal wounds
 g - a potion of haste
 h - 4 potions of magic
 i - a potion of berserk rage
 k - a potion of invisibility
Comestibles
 c - 4 chunks of flesh
 d - a ration


   Skills:
 + Level 2.3 Fighting
 + Level 5.3 Short Blades
 + Level 1.5 Armour
 + Level 3.7 Dodging
 + Level 8.5 Stealth
 + Level 4.5 Spellcasting
 + Level 6.3 Hexes
 * Level 4.2 Invocations


You had 13 spell levels left.
You knew the following spells:

 Your Spells              Type           Power        Failure   Level  Hunger
a - Corona                Hex            ###....      2%          1    None

Your spell library contained the following spells:

 Spells                   Type           Power        Failure   Level  Hunger
 Confuse                  Hex            ###.....     8%          3    ###....
 Tukima's Dance           Hex            ###.....     8%          3    ###....
 Ensorcelled Hibernation  Hex/Ice        ##....       14%         2    ##.....
 Dazzling Spray           Conj/Hex       ##....       26%         3    ###....


Dungeon Overview and Level Annotations

Branches:
Dungeon (1/1)

Altars:
Cheibriados
Dithmenos
Elyvilon
Fedhas
Gozag
Hepliaklqana
Kikubaaqudgha
Makhleb
Nemelex Xobeh
Okawaru
Qazlal
Ru
Sif Muna
Trog
Uskayaw
Vehumet
Wu Jian
Xom
Yredelemnul
Zin
The Shining One
Beogh
Jiyva
Lugonu


Innate Abilities, Weirdness & Mutations

You have extremely sharp teeth.
Your natural rate of healing is unusually fast.
When hurt, damage is shared between your health and your magic reserves.
Your bite disrupts and absorbs the magic of your enemies.
Potions cannot restore your health.
You are immune to rotting.


Message History

The wight is no longer paralysed.
The hound is no longer paralysed.
The orc is no longer paralysed.
The hound is no longer paralysed.
Uskayaw will force your foes to share their pain.
Uskayaw links your audience in an emotional bond!
You hit the hound.
The hound is poisoned.
The hound is moderately wounded.
The hound barely misses you. The hound bites you.
* * * LOW HITPOINT WARNING * * *
You puncture the hound!
You kill the orc!
The hound looks as sick as possible!
You bite the hound.
You kill the hound!
Your Short Blades skill increases to level 5!
Your Invocations skill increases to level 4!
You puncture the hound!
You kill the hound!
You can now merge with and destroy a victim.
The wight is no longer sharing its pain.
The wight hits you with a +3 morningstar.
You die... ▓▓▓▓▓▓▓▓▓▓▓▓▓▓▓▓▓▓▓▓▓▓▓▓ +.....z@....[)...'______ ▓▓▓▓▓▓▓▓▓▓▓▓▓▓▓▓▓▓▓▓▓▓▓▓

You could see a wight.

Vanquished Creatures
  A yak (D)
  2 crimson imps (D)
  2 hounds (D)
  An iguana (D)
  A leopard gecko (D)
  An orc (D)
  A bat (D)
  A bat skeleton (D)
  A goblin (D)
  A kobold (D)
  A leopard gecko zombie (D)
  2 rats (D)
15 creatures vanquished.

Notes
Turn   | Place    | Note
-------+----------+-------------------------------------------
     0 | D        | emperorscorpion the Vine Stalker Enchanter began the quest
                  | for the Orb.
     0 | D        | Reached XP level 1. HP: 9/9 MP: 4/4
     5 | D        | Reached skill level 4 in Stealth
     9 | D        | Reached skill level 1 in Short Blades
    34 | D        | Noticed a crimson imp
    34 | D        | Noticed an iguana
    41 | D        | Reached XP level 2. HP: 11/13 MP: 4/6
    43 | D        | Reached skill level 5 in Stealth
    43 | D        | Reached XP level 3. HP: 14/16 MP: 4/8
    70 | D        | Reached skill level 6 in Stealth
    70 | D        | Reached skill level 5 in Hexes
    70 | D        | Gained mutation: Your natural rate of healing is unusually
                  | fast. [Vine Stalker growth]
    70 | D        | Reached XP level 4. HP: 11/21 MP: 8/10
    83 | D        | Found a roughly hewn altar of Beogh.
    83 | D        | Found a snail-covered altar of Cheibriados.
    83 | D        | Found a shadowy altar of Dithmenos.
    83 | D        | Found a white marble altar of Elyvilon.
    83 | D        | Found a blossoming altar of Fedhas.
    83 | D        | Found an opulent altar of Gozag.
    84 | D        | Found a hazy altar of Hepliaklqana.
    85 | D        | Found a viscous altar of Jiyva.
    86 | D        | Found an ancient bone altar of Kikubaaqudgha.
    87 | D        | Found a corrupted altar of Lugonu.
    88 | D        | Found a burning altar of Makhleb.
    89 | D        | Found a sparkling altar of Nemelex Xobeh.
    90 | D        | Found an iron altar of Okawaru.
    91 | D        | Found a stormy altar of Qazlal.
    92 | D        | Found a sacrificial altar of Ru.
    93 | D        | Found a deep blue altar of Sif Muna.
    94 | D        | Found a bloodstained altar of Trog.
    95 | D        | Found a hide-covered altar of Uskayaw.
    96 | D        | Found a radiant altar of Vehumet.
    97 | D        | Found an ornate altar of the Wu Jian Council.
    98 | D        | Found a shimmering altar of Xom.
    99 | D        | Found a basalt altar of Yredelemnul.
   100 | D        | Found a glowing silver altar of Zin.
   101 | D        | Found a glowing golden altar of the Shining One.
   103 | D        | Became a worshipper of Uskayaw the Reveler
   120 | D        | Found the +6 Majin-Bo {vamp, Archmagi MP+6 Int+6}
   149 | D        | Noticed a yak
   151 | D        | Reached * piety under Uskayaw
   154 | D        | Reached ** piety under Uskayaw
   158 | D        | Reached skill level 1 in Fighting
   158 | D        | Reached skill level 1 in Invocations
   162 | D        | Reached *** piety under Uskayaw
   163 | D        | Killed a yak
   163 | D        | Reached skill level 1 in Armour
   163 | D        | Reached skill level 8 in Stealth
   163 | D        | Reached XP level 5. HP: 4/26 MP: 0/12
   163 | D        | Reached XP level 6. HP: 4/30 MP: 0/13
   163 | D        | Reached **** piety under Uskayaw
   165 | D        | Reached skill level 5 in Short Blades
   166 | D        | Reached ***** piety under Uskayaw
   167 | D        | Slain by a wight

Vault maps used:
D:        linesprint

Skill      XL: |  1  2  3  4  5  6 |
---------------+-------------------+-----
Stealth        | 4 5 6 8 |  8.5
Short Blades   | 1 2 4 5 |  5.3
Dodging        | 2 3 |  3.7
Spellcasting   | 3 4 |  4.5
Hexes          | 4 5 6 |  6.3
Fighting       | 2 |  2.3
Invocations    | 3 4 |  4.2
Armour         | 1 |  1.5

Action                   |  1- 3 |  4- 6 || total
-------------------------+-------+-------++-------
Melee: Dagger            |    44 |     3 ||    47
       Bite              |     9 |     5 ||    14
       Rapier            |       |    17 ||    17
 Stab: Sleeping          |     2 |       ||     2
       Paralysed         |       |     1 ||     1
Armor: Robe              |     4 |     1 ||     5
       Ring mail         |       |     4 ||     4
Dodge: Dodged            |    21 |    13 ||    34

Table legend:
 A = Non-vault XP
 B = Vault XP
 C = Vault XP percentage of total XP
 D = Non-vault monster count
 E = Vault monster count
 F = Vault count percentage of total count
                 A         B        C        D         E       F
            +---------+---------+-------+---------+---------+-------
      Total |       0 |     440 | 100.0 |       0 |      15 | 100.0
            +---------+---------+-------+---------+---------+-------
          D |       0 |     440 | 100.0 |       0 |      15 | 100.0
            +---------+---------+-------+---------+---------+-------
